 Dungeon Crawl Stone Soup version 0.21.1-1-g345015f (webtiles) character file.

32 suicidejoker the Sneak (level 3, -13/23 HPs)
             Began as an Octopode Transmuter on Apr 8, 2018.
             Mangled by a worm (16 damage)
             ... on level 2 of the Dungeon.
             The game lasted 00:01:55 (1709 turns).

suicidejoker the Sneak (Octopode Transmuter)        Turns: 1709, Time: 00:01:57

Health: -13/23     AC:  1    Str: 15    XL:     3   Next: 27%
Magic:  6/6        EV: 12    Int: 15    God:
Gold:   50         SH:  3    Dex: 12    Spells: 5/6 levels left

rFire    . . .     SeeInvis .   a - +0 dagger
rCold    . . .     Gourm    .   m - +0 buckler
rNeg     . . .     Faith    .   (helmet restricted)
rPois    .         Spirit   .   (no amulet)
rElec    .         Reflect  .   (no ring)
rCorr    .         Harm     .   (no ring)
MR       .....                  (no ring)
Stlth    +++.......             (no ring)
HPRegen  0.07/turn              (no ring)
MPRegen  0.10/turn              (no ring)
                                (no ring)
                                (no ring)

@: mighty
A: almost no armour, stealthy swim, amphibious, 8 rings, constrict 8, camouflage
1, gelatinous body 1
a: no special abilities


You were on level 2 of the Dungeon.
You were not hungry.

You visited 1 branch of the dungeon, and saw 2 of its levels.

You collected 50 gold pieces.

Inventory:

Hand Weapons
 a - a +0 dagger (weapon)
Missiles
 e - 6 tomahawks (quivered)
 f - 50 sling bullets
 j - 46 stones
 l - 3 poisoned tomahawks
 n - 56 arrows
Armour
 m - a +0 buckler (worn)
Scrolls
 g - 3 scrolls of amnesia {unknown}
 h - 2 scrolls of teleportation {unknown}
 k - 4 scrolls of remove curse {unknown}
 s - 2 scrolls of fog {unknown}
 u - a scroll of random uselessness {unknown}
Potions
 d - a potion of flight
 o - a potion of agility
 p - a potion of cancellation
 q - a potion of berserk rage {unknown}
 r - a potion of brilliance {unknown}
 v - a potion of curing {unknown}
Books
 b - a book of Changes

   Spells                             Type                      Level
   a - Beastly Appendage              Transmutation                1
   b - Sticks to Snakes               Transmutation                2
   c - Spider Form                    Transmutation/Poison         3
   d - Ice Form                       Ice/Transmutation            4
   e - Blade Hands                    Transmutation                5
Comestibles
 c - 5 rations
 t - a chunk of flesh


   Skills:
 - Level 1.0 Fighting
 - Level 2.0 Dodging
 + Level 4.2 Stealth
 - Level 3.0 Unarmed Combat
 - Level 2.0 Spellcasting
 - Level 2.0 Transmutations


You had 5 spell levels left.
You knew the following spells:

 Your Spells              Type           Power        Failure   Level  Hunger
a - Beastly Appendage     Tmut           #.....       16%         1    #......


Dungeon Overview and Level Annotations

Branches:
Dungeon (2/15)

Altars:
Trog


Innate Abilities, Weirdness & Mutations

You cannot wear most types of armour.
You are very stealthy in the water. (Stealth+)
You are amphibious.
You can wear up to eight rings at the same time.
You can use your tentacles to constrict eight enemies at once.
Your skin changes colour to match your surroundings (Stealth+).
Your rubbery body absorbs attacks. (AC +1, EV +1)


Message History

It was a potion of flight.
You feel very buoyant.
You fly up into the air.
You constrict the worm.
The moth of wrath goads the rat on!
The rat goes berserk!
The worm barely misses you.
It was a potion of agility.
You feel agile all of a sudden.
You constrict the worm. The worm misses you.
It was a potion of cancellation.
Your magical effects are unravelling.
You feel magically purged.
You float gracefully downwards.
You feel a little less agile now.
You constrict the worm. The rat misses you. The rat barely misses you.
It was a potion of might.
You feel very mighty all of a sudden.
You constrict the worm. The rat bites you.
* * * LOW HITPOINT WARNING * * *
The worm bites you!
Ouch! That really hurt!
You die...

#.# ######.# #.# #......#
#.####.########
#.......####).)### ##
######..##)).....## ##..
#.##..r._....# ###..
#.##.........## ..#..
######.#....###wr..# #.#.#
.......#...##y##@..#.#.#.#
######.#....###....#.#.#.#######.
######.#...........#.............
.....#.##.........####)#..#######
####.#.###.......##.##.#..# #
#.#.#.####.#####.##.#..#####
####.......##.# #.............
...[.รท...##.#.## ##.####..####.
####..#####.##.###.### #..#


You could see a moth of wrath, a worm (berserk) and 2 rats.

Vanquished Creatures
  An adder (D:2)
  3 leopard geckos
  3 giant cockroaches
  2 hobgoblins
  4 kobolds
  A bat (D:2)
  A frilled lizard (D:1)
  2 goblins
  5 rats
22 creatures vanquished.

Notes
Turn   | Place    | Note
-------+----------+-------------------------------------------
     0 | D:1      | suicidejoker the Octopode Transmuter began the quest for the Orb.
     0 | D:1      | Reached XP level 1. HP: 13/13 MP: 3/3
   237 | D:1      | Reached skill level 1 in Stealth
   435 | D:1      | Reached skill level 2 in Stealth
   440 | D:1      | Reached XP level 2. HP: 18/18 MP: 5/5
   835 | D:1      | Reached skill level 3 in Stealth
  1274 | D:2      | Reached XP level 3. HP: 16/23 MP: 6/6
  1468 | D:2      | Reached skill level 4 in Stealth
  1693 | D:2      | Noticed a moth of wrath
  1696 | D:2      | Found a bloodstained altar of Trog.
  1709 | D:2      | Mangled by a worm

Skill      XL: |  1  2  3 |
---------------+----------+-----
Stealth        | 2 3 4 |  4.2
Fighting       | |  1.0
Dodging        | |  2.0
Unarmed Combat | |  3.0
Spellcasting   | |  2.0
Transmutations | |  2.0

Action                   || total
-------------------------++-------
Melee: Unarmed           ||    12
       Constrict         ||    13
       Tentacles         ||     5
       Short sword       ||    20
       Dagger            ||    11
  Use: Potion            ||     4
 Stab: Sleeping          ||     9
  Eat: Chunk             ||     2
Armor: Skin              ||     4
Dodge: Dodged            ||    18
Block: Buckler           ||     2
